 Dungeon Crawl Stone Soup version 0.24-a0-762-gca426f56c8 (webtiles) character file.

Game seed: 13086646139555603484, levelgen mode: deterministic

123 MalarOregon the Magician (level 4, 0/32 HPs)
             Began as a Draconian Wizard on Oct 3, 2019.
             Was an Initiate of Hepliaklqana.
             Slain by a gnoll
             ... wielding a +0 spear
              (6 damage)
             ... on level 3 of the Dungeon.
             The game lasted 00:05:30 (3013 turns).

MalarOregon the Magician (Draconian Wizard)         Turns: 3013, Time: 00:05:31

Health: 0/32       AC:  6    Str: 12    XL:     4   Next: 79%
Magic:  1/9        EV: 12    Int: 19    God:    Hepliaklqana [......]
Gold:   138        SH:  0    Dex: 10    Spells: 2/10 levels left

rFire    . . .     SeeInvis .   b - +0 dagger
rCold    . . .     Gourm    .   (no shield)
rNeg     . . .     Faith    .   (armour unavailable)
rPois    .         Spirit   .   a - +0 hat
rElec    .         Reflect  .   (no cloak)
rCorr    .         Harm     .   (no gloves)
MR       .....                  (no boots)
Stlth    +.........             (no amulet)
HPRegen  0.10/turn              (no ring)
MPRegen  0.11/turn              (no ring)

@: mighty, very slightly contaminated, hasted, invisible, very quick
A: unfitting armour, reduced essence, hooves 1, shaggy fur 1, weak 1,
cold-blooded, AC +5
a: Recall Ancestor, Ancestor Identity, Renounce Religion


You were on level 3 of the Dungeon.
You worshipped Hepliaklqana.
Hepliaklqana was noncommittal.
You were not hungry.

You visited 1 branch of the dungeon, and saw 4 of its levels.

You collected 138 gold pieces.

Inventory:

Hand Weapons
 b - a +0 dagger (weapon)
   (You took it off a kobold on level 1 of the Dungeon)
Armour
 a - a +0 hat (worn)
Scrolls
 g - a scroll of remove curse {@r2}
 l - a scroll of immolation {!r}
Potions
 d - a potion of magic {unknown}
 i - a potion of flight {unknown}
 k - a potion of brilliance {unknown}
Comestibles
 e - a ration {!d}
 h - 4 chunks of flesh


   Skills:
 + Level 1.7 Fighting
 + Level 2.5 Dodging
 - Level 1.7 Stealth
 * Level 3.8 Spellcasting
 * Level 2.7 Conjurations
 - Level 1.0 Summonings
 - Level 1.0 Translocations


You had 2 spell levels left.
You knew the following spells:

 Your Spells              Type           Power        Failure   Level  Hunger
a - Magic Dart            Conj           ##..         4%          1    None
b - Blink                 Tloc           N/A          14%         2    ##.....
f - Mephitic Cloud        Conj/Pois/Air  #.......     28%         3    ###....
x - Call Imp              Summ           #.......     14%         2    ##.....

Your spell library contained the following spells:

 Spells                   Type           Power        Failure   Level  Hunger
 Slow                     Hex            #.......     22%         2    ##.....
 Conjure Flame            Conj/Fire      #.......     24%         3    ###....


Dungeon Overview and Level Annotations

Branches:
Dungeon (4/15)
 Temple: D:4-7

Altars:
Ashenzari
Dithmenos
Hepliaklqana
Trog

Annotations:
D:3 1 runed translucent door, Crazy Yiuf


Innate Abilities, Weirdness & Mutations

Your plain brown scales are hard. (AC +5)
You cannot fit into any form of body armour.
You are cold-blooded and may be slowed by cold attacks.
Your life essence is reduced to manifest your ancestor. (-10% HP)
You have large cloven feet.
You are covered in fur. (AC +1)
You are weak. (Str -2)


Message History

Unknown command.
No target in view!
The gnoll is too close now for your liking.
Aim: a gnoll, wielding a +0 halberd (lightly wounded)
The magic dart hits the gnoll but does no damage.
Aim: a gnoll, wielding a +0 halberd (lightly wounded)
The magic dart hits the gnoll.
Aim: a gnoll, wielding a +0 halberd (moderately wounded)
The magic dart hits the gnoll.
The gnoll hits Tihomir with a +0 halberd!
Tihomir is destroyed!
Aim: a gnoll, wielding a +0 halberd (heavily wounded)
The magic dart hits the gnoll.
Aim: a gnoll, wielding a +0 halberd (heavily wounded)
The magic dart hits the gnoll.
Aim: a gnoll, wielding a +0 halberd (severely wounded)
The magic dart hits the gnoll.
The gnoll closely misses you.
A gnoll comes into view. It is wielding a +0 spear.
The gnoll closely misses you.
You barely miss the gnoll.
The gnoll shouts!
You kick the gnoll. The gnoll hits you with a +0 halberd!
You barely miss the gnoll. The gnoll hits you with a +0 halberd!
* * * LOW HITPOINT WARNING * * *
You barely miss the gnoll.
You tail-slap the gnoll, but do no damage.
A gnoll comes into view. It is wielding a +0 flail.
The gnoll hits you with a +0 halberd!
* * * LOW HITPOINT WARNING * * *
The gnoll closely misses you.
Okay, then.
Okay, then.
You start resting.
Crazy Yiuf flaps his cloak.
The gnoll is too close now for your liking.
Aim: a gnoll, wielding a +0 halberd (almost dead)
The magic dart hits the gnoll but does no damage.
You don't have enough magic to cast that spell.
Okay, then.
You fade into invisibility!
The gnoll completely misses you.
You are very lightly contaminated with residual magic.
You feel yourself speed up. The gnoll barely misses you.
You feel very mighty all of a sudden. The gnoll misses you.
You puncture the gnoll!
You kill the gnoll!
Crazy Yiuf yells, "Race!"
You hit the gnoll. The gnoll hits you with a +0 spear.
You die...

####... .....#
♣♣♣♣♣### ######
### ♣♣♣g♣....##
#...#♣@g♣..g...##
######
#...+.♣♣♣♣....÷^#
...... #)..#♣♣
♣♣...g.# ######
### ♣♣###.#######
#..(.....
###.##### #.# #.#
#.#


You could see 2 gnolls.

Vanquished Creatures
  A gnoll (D:3)
  4 adders
  2 dart slugs (D:1)
  2 leopard geckos
  A giant cockroach (D:1)
  6 goblins
  4 hobgoblins
  4 bats
  A frilled lizard (D:1)
  4 kobolds
  6 rats
35 creatures vanquished.

Vanquished Creatures (collateral kills)
  A hound (D:3)
  A worker ant (D:4)
  An adder (D:4)
  A worm (D:4)
4 creatures vanquished.

Vanquished Creatures (others)
  2 ancestors (D:3)
2 creatures vanquished.

Grand Total: 41 creatures vanquished

Notes
Turn   | Place    | Note
-------+----------+-------------------------------------------
     0 | D:1      | MalarOregon the Draconian Wizard began the quest for the
                  | Orb.
     0 | D:1      | Reached XP level 1. HP: 14/14 MP: 4/4
   360 | D:1      | Reached XP level 2. HP: 22/22 MP: 4/6
   655 | D:1      | Learned a level 2 spell: Blink
   658 | D:1      | Learned a level 2 spell: Call Imp
  1008 | D:1      | Reached skill level 1 in Fighting
  1333 | D:2      | Reached XP level 3. HP: 8/28 MP: 0/7
  1637 | D:2      | Found a shadowy altar of Dithmenos.
  2063 | D:2      | Found a bloodstained altar of Trog.
  2237 | D:2      | Found a hazy altar of Hepliaklqana.
  2512 | D:2      | Became a worshipper of Hepliaklqana the Forgotten
  2577 | D:3      | Found a shattered altar of Ashenzari.
  2600 | D:3      | You fall into a shaft and drop 1 floor!
  2617 | D:4      | Reached XP level 4. HP: 8/31 MP: 0/9
  2618 | D:4      | Gained mutation: You are weak. (Str -2) [potion of
                  | mutation]
  2618 | D:4      | Gained mutation: You have large cloven feet. [potion of
                  | mutation]
  2618 | D:4      | Gained mutation: You are covered in fur. (AC +1) [potion of
                  | mutation]
  2803 | D:4      | Learned a level 3 spell: Mephitic Cloud
  2808 | D:4      | Noticed an ogre
  2979 | D:3      | Found a runed translucent door.
  2980 | D:3      | Noticed Crazy Yiuf
  3013 | D:3      | Slain by a gnoll

Levels and vault maps discovered:
D:1:      dpeg_arrival_round_c, layout_basic
D:2:      layout_basic, overflow_temple_1_default, overflow_temple_1_default,
          lemuel_round_altar, serial_rivers, chequers_serial_rivers_micro_b,
          chequers_serial_rivers_small_a, chequers_serial_rivers_micro_d,
          chequers_serial_rivers_micro_c, chequers_serial_rivers_micro_d
D:3:      layout_loops_ring, overflow_temple_1_default,
          yredelemnul_forgotten_temple_becter, first_ration, uniq_ijyb,
          uniq_crazy_yiuf_cottage
D:4:      layout_basic, serial_glass, glass_columns_b, glass_columns_a

Skill      XL: |  1  2  3 |
---------------+----------+-----
Dodging        | 2 |  2.5
Fighting       | 1 |  1.7
Conjurations   | 2 |  2.7
Stealth        | |  1.7
Spellcasting   | |  3.8
Summonings     | |  1.0
Translocations | |  1.0

Action                   |  1- 3 |  4- 6 || total
-------------------------+-------+-------++-------
Melee: Unarmed           |     7 |       ||     7
       Dagger            |    17 |    14 ||    31
       Tailslap          |     3 |     4 ||     7
       Kick              |       |     2 ||     2
 Cast: Magic Dart        |    69 |    17 ||    86
       Call Imp          |     3 |     3 ||     6
  Use: Potion            |     1 |     5 ||     6
       Scroll            |       |     6 ||     6
  Eat: Chunk             |     3 |       ||     3
       Ration            |     1 |       ||     1
Armor: Skin              |     9 |     9 ||    18
Dodge: Dodged            |    15 |    18 ||    33

Table legend:
 A = Non-vault XP
 B = Vault XP
 C = Vault XP percentage of total XP
 D = Non-vault monster count
 E = Vault monster count
 F = Vault count percentage of total count
                 A         B        C        D         E       F
            +---------+---------+-------+---------+---------+-------
      Total |     176 |       0 |   0.0 |      39 |       0 |   0.0
            +---------+---------+-------+---------+---------+-------
        D:1 |      35 |       0 |   0.0 |      20 |       0 |   0.0
        D:2 |      31 |       0 |   0.0 |      11 |       0 |   0.0
        D:3 |      63 |       0 |   0.0 |       4 |       0 |   0.0
        D:4 |      47 |       0 |   0.0 |       4 |       0 |   0.0
            +---------+---------+-------+---------+---------+-------
